 Dungeon Crawl Stone Soup version 0.28-a0-850-g09de17f5b5 (webtiles) character file.

Game seed: 17952752160233416989

12527 Gwenloh the Summoner (level 11, -5/54 HPs)
             Began as a Tengu Summoner on Nov 13, 2021.
             Was a Believer of Sif Muna.
             Slain by a yak (13 damage)
             ... on level 2 of the Lair of Beasts.
             The game lasted 00:51:32 (13373 turns).

Gwenloh the Summoner (Tengu Summoner)              Turns: 13373, Time: 00:51:32

Health: -5/54      AC: 10    Str: 11    XL:     11   Next: 94%
Magic:  21/23      EV: 21    Int: 19    God:    Sif Muna [**....]
Gold:   765        SH:  0    Dex: 21    Spells: 8/25 levels left

rFire   . . .      SeeInvis .   n - +1 trident (vorpal)
rCold   . . .      Faith    .   (no shield)
rNeg    . . .      Spirit   .   N - +0 troll leather armour
rPois   .          Reflect  .   (helmet restricted)
rElec   .          Harm     .   G - +2 cloak
rCorr   .          Rampage  .   h - +2 pair of gloves {Str+3}
Will    +....                   (boots unavailable)
Stlth   ++........              (no amulet)
HPRegen 1.18/turn               g - +6 ring of dexterity
MPRegen 0.18/turn               k - ring of willpower

@: flying quickly and evasively, hasted, very quick
A: beak, talons 3, nimble flight
a: Renounce Religion, Channel Magic


You were on level 2 of the Lair of Beasts.
You worshipped Sif Muna.
Sif Muna was pleased with you.
You visited 3 branches of the dungeon, and saw 13 of its levels.

You collected 795 gold pieces.
You spent 30 gold pieces at shops.

Inventory:

Hand Weapons
 l - a +0 glaive of protection
 n - a +1 vorpal trident (weapon)
 K - a +0 short sword
Missiles
 b - 333 stones
 R - a javelin (quivered)
Armour
 a - a +1 robe
 h - a +2 pair of gloves of strength (worn)
 G - a +2 cloak (worn)
 H - a +0 buckler
 N - a +0 troll leather armour (worn)
Jewellery
 e - a ring of see invisible
 f - an amulet of guardian spirit
 g - a +6 ring of dexterity (left hand)
 k - a ring of willpower (right hand)
 y - a ring of magical power
 C - a ring of magical power
 P - a ring of fire
Wands
 d - a wand of digging (6)
 D - a wand of paralysis (8)
 F - a wand of iceblast (6)
 J - a wand of mindburst (28)
Scrolls
 c - 4 scrolls of teleportation
 q - 2 scrolls of enchant armour
 v - 2 scrolls of fog
 z - a scroll of magic mapping
 B - a scroll of fear
 E - a scroll of silence
 I - a scroll of torment {unknown}
 L - 2 scrolls of amnesia {unknown}
 O - a scroll of blinking {unknown}
 Q - a scroll of enchant weapon
 S - 2 scrolls of identify
Potions
 i - 2 potions of berserk rage {unknown}
 j - a potion of mutation {unknown}
 m - 4 potions of ambrosia
 o - 4 potions of haste
 p - 4 potions of attraction {unknown}
 r - 4 potions of flight {unknown}
 s - 3 potions of brilliance {unknown}
 t - 2 potions of resistance {unknown}
 u - 3 potions of cancellation {unknown}
 w - a potion of degeneration {unknown}
 x - a potion of magic {unknown}
 A - a potion of curing
 M - a potion of might {unknown}


   Skills:
 + Level 8.2 Polearms
 + Level 1.9 Armour
 - Level 8.8 Dodging
 - Level 2.0 Stealth
 + Level 7.6 Spellcasting
 * Level 14.3 Summonings
 + Level 5.3 Invocations


You had 8 spell levels left.
You knew the following spells:

 Your Spells              Type           Power      Damage    Failure   Level
a - Summon Small Mammal   Summ           100%       N/A       1%          1
b - Call Imp              Summ           58%        N/A       1%          2
c - Call Canine Familiar  Summ           58%        N/A       1%          3
d - Summon Guardian Gole  Hex/Summ       34%        N/A       1%          3
e - Summon Lightning Spi  Summ/Air       34%        N/A       6%          4
f - Summon Ice Beast      Ice/Summ       34%        N/A       6%          4

Your spell library contained the following spells:

 Spells                   Type           Power      Damage    Failure   Level
 Beastly Appendage        Tmut           14%        N/A       13%         1
 Freeze                   Ice            28%        1d5       13%         1
 Magic Dart               Conj           28%        1d4       13%         1
 Searing Ray              Conj           14%        2d5       19%         2
 Frozen Ramparts          Ice            14%        1d3       36%         3
 Fulminant Prism          Conj/Hex       3%         3d6       77%         4
 Hailstorm                Conj/Ice       7%         3d4       77%         4
 Blade Hands              Tmut           3%         N/A       98%         5
 Storm Form               Tmut/Air       3%         N/A       100%        7
 Maxwell's Capacitive Co  Air            3%         ∞         100%        8


Dungeon Overview and Level Annotations

Branches:
Dungeon (10/15)            Temple (1/1) D:5            Lair (2/6) D:9
    Orc (0/2) D:10
  Swamp: Lair:2-4    Shoals: Lair:2-4     Snake: Lair:2-4    Spider: Lair:2-4

Altars:
Ashenzari
Cheibriados
Dithmenos
Elyvilon
Fedhas
Gozag
Hepliaklqana
Kikubaaqudgha
Makhleb
Nemelex Xobeh
Okawaru
Qazlal
Ru
Sif Muna
Trog
Uskayaw
Vehumet
Wu Jian
Xom
Yredelemnul
Zin
The Shining One

Shops:
D:2 *   D:4 [


Innate Abilities, Weirdness & Mutations

You have a beak for a mouth.
You have claws for feet.
Your magical nature lets you fly swiftly and evasively.


Message History

The bolt of electricity hits the yak!
The yak dies!
Sif Muna accepts your kill.
The vampire mosquito bites your lightning spire but does no damage. x2
The vampire mosquito bites your lightning spire.
A vampire mosquito comes into view.
The vampire mosquito bites your lightning spire but does no damage.
The vampire mosquito bites your lightning spire!
Your lightning spire disappears in a puff of smoke!
The vampire mosquito bites you.
The vampire mosquito draws strength from your injuries!
The vampire mosquito completely misses you.
The vampire mosquito completely misses you.
A vampire mosquito comes into view.
The yak misses you. The yak misses you. The vampire mosquito bites you.
The vampire mosquito draws strength from your injuries!
The yak gores you but does no damage. The vampire mosquito bites you.
The vampire mosquito draws strength from your injuries!
The vampire mosquito closely misses you.
The yak closely misses you. The vampire mosquito barely misses you.
The vampire mosquito bites you but does no damage.
The vampire mosquito bites you.
The vampire mosquito draws strength from your injuries!
The vampire mosquito closely misses you. x2
The vampire mosquito bites you but does no damage.
The vampire mosquito completely misses you.
The vampire mosquito closely misses you. x2
The vampire mosquito completely misses you.
The vampire mosquito completely misses you.
The vampire mosquito misses you. x2; The yak gores you!
* * * LOW HITPOINT WARNING * * *
A vampire mosquito comes into view.
The vampire mosquito bites you!
* * * LOW HITPOINT WARNING * * *
The vampire mosquito draws strength from your injuries!
Okay, then.
You feel yourself speed up. The yak gores you!
You die...

##.. #...# (... ...##....♣
♣ .... #.........♣≈ ...
#...y......♣♣ ♣♣#... .
#...........♣♣♣♣♣.... ..
#...P#.#.#..♣♣...... y..
##..P.#.##.#.#....$###...
#....<..@yY..............
#..#......yYY...†..........
................†..........
...........................
...........................
...........................
....................#..##.#
...................###.###.
...................##....#


You could see 3 yaks and 3 vampire mosquitoes.

Vanquished Creatures
  A komodo dragon (Lair:2)
  A troll (D:10)
  9 yaks
  A wyvern (D:9)
  Menkaure (D:4)
  2 vampire mosquitoes (Lair:2)
  An ogre (D:7)
  An orc warrior (D:10)
  2 black bears (D:6)
  3 centaurs
  Blork the orc (D:4)
  3 bullfrogs
  3 scorpions
  A water moccasin skeleton (D:5)
  A wyvern skeleton (D:7)
  3 killer bees (D:9)
  2 wights
  A howler monkey (D:7)
  A bullfrog zombie (D:4)
  2 lava snakes (D:7)
  Crazy Yiuf (D:4)
  A centaur zombie (D:6)
  3 jellies
  An orc priest (D:10)
  3 hounds
  2 bullfrog skeletons
  A centaur skeleton (D:7)
  2 iguanas
  A scorpion zombie (D:5)
  An orc wizard (D:10)
  2 hound skeletons
  A howler monkey zombie (D:8)
  2 gnolls (D:6)
  2 adders
  A shadow imp (D:6)
  A white imp (D:6)
  2 adder zombies (D:4)
  2 dart slugs
  15 orcs
  7 ball pythons
  7 endoplasms
  3 giant cockroaches (D:3)
  7 goblins
  4 hobgoblins
  2 jackals (D:4)
  4 quokkas
  5 bats
  5 frilled lizards
  9 kobolds
  4 rats
141 creatures vanquished.

Vanquished Creatures (collateral kills)
  A two-headed ogre (D:9)
  Urug (D:10)
  An elephant (D:9)
  A black mamba (Lair:1)
  A centaur zombie (D:10)
  A komodo dragon (Lair:1)
  Grinder (D:5)
  Sigmund (D:4)
  14 yaks
  A basilisk (D:9)
  2 steam dragons
  An acid dragon (D:8)
  3 water moccasins
  2 orc warriors
  A black bear (D:9)
  An ice beast (D:7)
  A necrophage (D:5)
  2 centaurs
  3 kobold brigands
  A bullfrog (D:8)
  A water moccasin zombie (D:4)
  2 killer bees (D:9)
  4 wights
  A howler monkey (D:10)
  2 orc priests
  6 orc wizards
  A gnoll (D:6)
  3 adders
  An adder zombie (D:4)
  An adder skeleton (D:4)
  A worm (D:3)
  A dart slug (D:1)
  16 orcs
  2 endoplasms (D:3)
  A giant cockroach (D:3)
  3 goblins
  6 frilled lizards (D:1)
  9 kobolds
101 creatures vanquished.

Vanquished Creatures (others)
  A two-headed ogre (D:5)
  Maurice (D:8)
  A komodo dragon (Lair:1)
  16 plants
19 creatures vanquished.

Grand Total: 261 creatures vanquished

Notes
Turn   | Place    | Note
-------+----------+-------------------------------------------
     0 | D:1      | Gwenloh the Tengu Summoner began the quest for the Orb.
     0 | D:1      | Reached XP level 1. HP: 10/10 MP: 4/4
   138 | D:1      | Reached skill level 5 in Summonings
   194 | D:1      | Reached XP level 2. HP: 15/15 MP: 4/6
   785 | D:1      | Reached XP level 3. HP: 19/19 MP: 7/7
   840 | D:1      | Learned a level 2 spell: Call Imp
   844 | D:1      | Learned a level 3 spell: Call Canine Familiar
  1516 | D:2      | Reached XP level 4. HP: 24/24 MP: 5/8
  1808 | D:2      | Reached skill level 6 in Summonings
  2051 | D:2      | Found Heotset's General Store.
  2061 | D:2      | Bought a potion of curing for 30 gold pieces
  2918 | D:4      | Identified a scroll of acquirement
  2920 | D:4      | Acquired a +2 pair of gloves of strength
  2953 | D:4      | Gained mutation: Your magical nature lets you fly swiftly
                  | and evasively. [Tengu growth]
  2953 | D:4      | Reached XP level 5. HP: 28/28 MP: 10/10
  2982 | D:4      | Found Noutiffi's Antique Armour Shoppe.
  3019 | D:4      | Noticed Sigmund
  3065 | D:4      | Killed Sigmund
  3066 | D:4      | Reached skill level 1 in Polearms
  3066 | D:4      | Reached skill level 7 in Summonings
  3066 | D:4      | Reached XP level 6. HP: 28/32 MP: 6/11
  3561 | D:4      | Reached XP level 7. HP: 30/36 MP: 10/13
  3777 | D:4      | Noticed Menkaure
  3801 | D:4      | Killed Menkaure
  4065 | D:4      | Found a runed translucent door.
  4066 | D:4      | Noticed Crazy Yiuf
  4100 | D:4      | Reached skill level 8 in Summonings
  4266 | D:4      | Noticed Blork the orc
  4282 | D:4      | Killed Blork the orc
  4743 | D:4      | Killed Crazy Yiuf
  4812 | D:5      | Entered Level 5 of the Dungeon
  4828 | D:5      | Noticed Grinder
  4863 | D:5      | Reached XP level 8. HP: 23/41 MP: 6/15
  5190 | D:5      | Reached skill level 5 in Dodging
  5253 | D:5      | Learned a level 3 spell: Summon Guardian Golem
  5258 | D:5      | Learned a level 4 spell: Summon Lightning Spire
  5292 | D:5      | Killed Grinder
  5293 | D:5      | Reached skill level 9 in Summonings
  5700 | D:5      | Found a staircase to the Ecumenical Temple.
  5700 | D:5      | Noticed a two-headed ogre
  6196 | Temple   | Entered the Ecumenical Temple
  6766 | D:5      | Killed a two-headed ogre
  6767 | D:5      | Reached skill level 5 in Polearms
  6767 | D:5      | Reached skill level 5 in Spellcasting
  6767 | D:5      | Reached skill level 10 in Summonings
  6767 | D:5      | Reached XP level 9. HP: 45/45 MP: 4/17
  6922 | D:5      | Found a glowing golden altar of the Shining One.
  6922 | D:5      | Found a shimmering blue altar of Sif Muna.
  6943 | D:5      | Became a worshipper of Sif Muna the Loreminder
  7995 | D:6      | Reached skill level 1 in Invocations
  8283 | D:7      | Reached skill level 11 in Summonings
  8863 | D:7      | Reached * piety under Sif Muna
  9098 | D:8      | Reached XP level 10. HP: 50/50 MP: 19/19
  9128 | D:8      | Noticed Maurice
  9154 | D:8      | Killed Maurice
  9743 | D:8      | Reached skill level 12 in Summonings
  9957 | D:9      | Found a staircase to the Lair.
  9958 | D:9      | Noticed an elephant
 10127 | D:9      | Noticed a two-headed ogre
 10134 | D:9      | Killed a two-headed ogre
 10353 | D:9      | Found a sparkling altar of Nemelex Xobeh.
 10585 | D:9      | Reached ** piety under Sif Muna
 10586 | D:9      | Reached XP level 11. HP: 26/54 MP: 18/22
 10779 | D:9      | Reached skill level 13 in Summonings
 11452 | D:10     | Entered Level 10 of the Dungeon
 11511 | D:10     | Noticed Urug
 11527 | D:10     | Killed Urug
 11676 | D:10     | Found a staircase to the Orcish Mines.
 11837 | Lair:1   | Entered Level 1 of the Lair of Beasts
 12552 | Lair:1   | Reached skill level 14 in Summonings
 12552 | Lair:1   | Reached skill level 5 in Invocations
 12908 | Lair:1   | Reached skill level 1 in Armour
 13311 | Lair:2   | Got Ozable's Papyrus of Creative Changing
 13317 | Lair:2   | Learned a level 4 spell: Summon Ice Beast
 13373 | Lair:2   | Slain by a yak

Illustrated notes

Levels and vault maps discovered:
D:1:      zaba_arrival_water, layout_basic, minmay_lizard_king
D:2:      layout_loops_ring, serial_shops,
          nicolae_shop_competitors_out_of_business, hangedman_decor_growths,
          minmay_misc_feat_diagonals
D:3:      layout_basic, serial_glass, glass_columns_b, glass_columns_b,
          glass_columns_b, glass_columns_a, glass_columns_b, glass_columns_c,
          glass_columns_b, glass_columns_a, patterned_corridor
D:4:      layout_cave_pods, serial_undead, serial_undead_f, serial_undead_f,
          serial_undead_f, serial_undead_c, serial_shops, shop,
          minmay_misc_feat_more_columns, uniq_crazy_yiuf_cottage, uniq_sigmund,
          uniq_menkaure, uniq_blork_the_orc
D:5:      layout_basic, gammafunk_temple_overflow_pools,
          minmay_temple_entry_ruins, grunt_ministairs_5, uniq_grinder
D:6:      layout_basic
D:7:      layout_rooms, serial_bayou_pond_e, serial_park_tiny_pond,
          kennysheep_cluttered_room
D:8:      layout_rooms, mrwooster_statue_mirror, kennysheep_generic_room_10,
          uniq_maurice
D:9:      minmay_goldmine, layout_basic, nemelex_altar_shiori,
          david_lair_generic, kennysheep_generic_room_6
D:10:     layout_loops_ring, erik_orc_4, gammafunk_ghost_spectres, uniq_urug
Temple:   mainiacjoe_temple_bowtie_tessellation
Lair:1:   layout_regular_city, portal_ice_cave_entry_pillars_2
Lair:2:   nzn_winding_woodlands_small [nzn_winding_woodlands_5x15_longhouse,
          nzn_winding_woodlands_center_diamonds,
          nzn_winding_woodlands_5x15_lazy_stream], layout_regular_city,
          minmay_swamp_entry_swarm, lightli_volcano_entry_magma_tube,
          small_statue_intersection

Skill      XL: |  1  2  3  4  5  6  7  8  9 10 11 |
---------------+----------------------------------+-----
Summonings     | 5 6 7 8 10 11 12 14 | 14.3
Dodging        | 3 4 6 7 8 |  8.8
Polearms       | 1 2 3 5 7 8 |  8.2
Spellcasting   | 3 4 5 6 7 |  7.6
Invocations    | 2 4 5 |  5.3
Armour         | 1 |  1.9
Stealth        | |  2.0

Action                   |  1- 3 |  4- 6 |  7- 9 | 10-12 || total
-------------------------+-------+-------+-------+-------++-------
Melee: Spear             |    34 |    49 |       |       ||    83
       Unarmed           |     2 |       |       |       ||     2
       Kick              |     4 |    21 |    35 |    56 ||   116
       Peck              |     1 |    13 |    27 |    36 ||    77
       Trident           |       |    42 |   168 |   245 ||   455
Throw: Boomerang         |    34 |    79 |    15 |       ||   128
       Stone             |       |       |    46 |    59 ||   105
       Javelin           |       |       |       |    23 ||    23
 Cast: Summon Small Mamm |     7 |     2 |     5 |       ||    14
       Call Canine Famil |     2 |     8 |    29 |    28 ||    67
       Call Imp          |       |     1 |     7 |       ||     8
       Summon Lightning  |       |       |     6 |    12 ||    18
       Summon Guardian G |       |       |     1 |     5 ||     6
       Summon Ice Beast  |       |       |       |     1 ||     1
  Use: Scroll            |       |     5 |    10 |     1 ||    16
       Potion            |       |     2 |       |     3 ||     5
 Stab: Sleeping          |     1 |     4 |     1 |       ||     6
       Distracted        |       |       |     4 |     5 ||     9
Armor: Robe              |     2 |    17 |    22 |    24 ||    65
       Troll leather arm |       |       |       |    11 ||    11
Dodge: Dodged            |     9 |    49 |   123 |   159 ||   340

Table legend: (Time is in decaauts)
 A = Elapsed time spent in this place.
 B = Non-inter-level travel time spent in this place.
 C = Inter-level travel time spent in this place.
 D = Time resting spent in this place.
 E = Time spent auto-exploring this place.
 F = Levels seen in this place.
 G = Mean time per level.
                   A        B        C        D        E       F      G
               +--------+--------+--------+--------+--------+-----+--------+
         Total |  12898 |  12326 |    572 |   2136 |   7373 |  13 |  992.2 |
       Dungeon |  11153 |  10600 |    553 |   1759 |   6554 |  10 | 1115.3 |
        Temple |    292 |    278 |     14 |      0 |    171 |   1 |  292.0 |
          Lair |   1453 |   1449 |      4 |    377 |    647 |   2 |  726.5 |
               +--------+--------+--------+--------+--------+-----+--------+

Top non-repeatable levels by time:
     D:4: 1943 daAuts
     D:5: 1524 daAuts
     D:1: 1384 daAuts
  Lair:1: 1373 daAuts
     D:9: 1328 daAuts
     D:8: 999 daAuts
     D:3: 988 daAuts
     D:7: 953 daAuts
     D:6: 901 daAuts
     D:2: 769 daAuts
    D:10: 360 daAuts
  Temple: 292 daAuts
  Lair:2: 80 daAuts
